 Seeded DCSS version 0.32-a0-22-g6ae6769602 (webtiles) character file.

Game seed: 9872065412798756122 (custom seed)

50 timneilson the Ruffian (level 3, 0/24 HPs)
             Began as an Octopode Shapeshifter on Jan 18, 2024.
             Slain by Sigmund
             ... wielding a +0 scythe of protection
              (7 damage)
             ... on level 3 of the Dungeon.
             The game lasted 00:02:52 (2189 turns).

timneilson the Ruffian (Octopode Shapeshifter)      Turns: 2189, Time: 00:02:53

Health: 0/24       AC:  1    Str: 15    XL:     3   Next: 79%
Magic:  3/3        EV: 13    Int: 12    God:
Gold:   134        SH:  0    Dex: 11    Spells: 2/2 levels left

rFire   . .          .
                       - Unarmed
rCold   . . .        (no shield)
rNeg    . . .        (helmet currently unavailable)
rPois   .            (no amulet)
rElec   .            (no ring)
rCorr   .            (no ring)
SInv    .            (no ring)
Will    .....        (no ring)
Stlth   +++          (no ring)
HPRegen 0.24/turn    (no ring)
MPRegen 0.08/turn    (no ring)
                     (no ring)

%: no passive effects
@: beast-form
A: beast (slay +1), almost no armour, amphibious, 8 rings, camouflage 1,
gelatinous body 1, (nimble swimmer 1), tentacles
a: Begin Untransformation


You were on level 3 of the Dungeon.
You were a hulking beast.
You visited 1 branch of the dungeon, and saw 3 of its levels.

You collected 134 gold pieces.

Inventory:

Missiles
 d - 9 poisoned darts (quivered)
Talismans
 b - a beast talisman
 c - a flux talisman
Scrolls
 f - a scroll of revelation
 h - a scroll of fear
 j - 2 scrolls of brand weapon
 k - a scroll of poison
Potions
 a - a potion of lignification
 e - 2 potions of magic
 g - a potion of invisibility {unknown}
 i - a potion of brilliance {unknown}
 n - a potion of heal wounds {unknown}


   Skills:
 * Level 2.0 Fighting
 * Level 2.5 Dodging
 + Level 1.4 Stealth
 * Level 3.3 Unarmed Combat
 * Level 3.2 Shapeshifting


You had 2 spell levels left.
You didn't know any spells.
Your spell library was empty.

Dungeon Overview and Level Annotations

Branches:
Dungeon (3/15)

Altars:

Shops:
D:1 :

Annotations:
D:3 Sigmund


Innate Abilities, Weirdness & Mutations

You are a hulking beast.
Your limbs bulge with bestial killing power. (Slay +1)
You cannot wear most types of armour.
You are amphibious.
You can wear up to eight rings at the same time.
Your skin changes colour to match your surroundings (Stealth+).
Your rubbery body absorbs attacks. (AC +1, EV +1)
((You are camouflaged when in or above water. (Stealth+)))
You have tentacles for arms and can constrict up to eight enemies at once.


Message History

You bludgeon the ribbon worm! You grab the ribbon worm.
You squeeze the ribbon worm!
You kill the ribbon worm!
You see here a ribbon worm corpse.
Found a stone staircase leading up.
Found a stone staircase leading down.
You now have 109 gold pieces (gained 15).
Found a lajatang.
Found 3 poisoned darts.
Found a smoky sapphire potion.
Found 19 gold pieces and a ring mail.
i - a smoky sapphire potion
d - 9 poisoned darts (gained 3)
You see here a +0 lajatang.
You now have 128 gold pieces (gained 19).
You see here a +0 lajatang.
Found a short sword.
You see here a +0 short sword.
Found a ring mail.
You now have 134 gold pieces (gained 6).
You see here a +0 short sword.
You see here a +0 lajatang.
You enter the shallow water.
Found a robe.
Sigmund the Dreaded comes into view.
He is wielding a +0 scythe of protection.
Sigmund shouts!
Sigmund casts a spell at you.
You are confused.
Sigmund says, "Now you see me, now you don't..."
Sigmund casts a spell at you. The puff of flame hits you.
You're too confused to move!
Sigmund hits you from afar with a +0 scythe of protection!
Ouch! That really hurt!
* * * LOW HITPOINT WARNING * * *
Sigmund misses you.
You feel less confused.
Sigmund hits you with a +0 scythe of protection!
You die...
Sigmund begins carving another notch in his scythe.

........# .......##
.##...## . #####.#
.. #)#
...########### #.#
.............###
#.##
................
#..##.............#
##..# #.@h.#.###
### ##.#
##.......#####~#
#.# ###..[......#~#
#.## ####......~~#
#..## ##.###~~~# ##
##..# #.# #~≈≈##g.#
##.## #.# #~~≈≈#..#
#..## #.# #~≈≈##.K#
##..## #..##~~~# ##


You could see Sigmund.

Vanquished Creatures
  2 adders
  A ribbon worm (D:3)
  A bat (D:1)
  6 endoplasms
  A giant cockroach (D:2)
  2 goblins (D:2)
  4 hobgoblins (D:2)
  A ball python (D:2)
  2 frilled lizards (D:1)
  5 kobolds
  3 rats (D:1)
28 creatures vanquished.

Notes
Turn   | Place    | Note
-------+----------+-------------------------------------------
     0 | D:1      | timneilson the Octopode Shapeshifter began the quest for
                  | the Orb.
     0 | D:1      | Reached XP level 1. HP: 13/13 MP: 1/1
     0 | D:1      | Upgraded the game from 0.32-a0-20-ge526923d97 to
                  | 0.32-a0-22-g6ae6769602
   231 | D:1      | Found Logiotz's Book Emporium.
   257 | D:1      | Reached XP level 2. HP: 17/18 MP: 2/2
  1124 | D:2      | Reached skill level 1 in Stealth
  1183 | D:2      | Reached XP level 3. HP: 23/23 MP: 3/3
  1262 | D:2      | Found a faded altar of an unknown god.
  2182 | D:3      | Noticed Sigmund
  2189 | D:3      | Slain by Sigmund

Illustrated notes

Levels and vault maps discovered:
D:1:      dpeg_arrival_stone_temple_mockup, layout_loops_corners, serial_shops,
          shop, minmay_split_cup_large
D:2:      layout_basic, chequers_ecumenical_altar_grove, chequers_jeans
D:3:      cheibrodos_thug_alley, layout_rooms, grunt_temple_overflow_opulence,
          grunt_temple_overflow_open, biasface_ghost_orc_armoury, uniq_sigmund

Skill      XL: |  1  2  3 |
---------------+----------+-----
Stealth        | 1 |  1.4
Fighting       | 2 |  2.0
Dodging        | |  2.5
Unarmed Combat | |  3.3
Shapeshifting  | |  3.2

Action                     || total
---------------------------++-------
  Melee: Unarmed           ||    58
         Tentacles         ||     9
         Constrict         ||     9
         Punch             ||     1
    Use: Scroll            ||    10
   Stab: Sleeping          ||     7
 Armour: Skin              ||    29
  Dodge: Dodged            ||    30

Table legend: (Time is in decaauts)
 A = Elapsed time spent in this place.
 B = Non-inter-level travel time spent in this place.
 C = Inter-level travel time spent in this place.
 D = Time resting spent in this place.
 E = Time spent auto-exploring this place.
 F = Levels seen in this place.
 G = Mean time per level.
                   A        B        C        D        E       F      G
               +--------+--------+--------+--------+--------+-----+--------+
         Total |   2185 |   2136 |     49 |    100 |   1742 |   3 |  728.3 |
       Dungeon |   2185 |   2136 |     49 |    100 |   1742 |   3 |  728.3 |
               +--------+--------+--------+--------+--------+-----+--------+

Top non-repeatable levels by time:
     D:2: 989 daAuts
     D:1: 975 daAuts
     D:3: 220 daAuts
